 Dungeon Crawl Stone Soup version 0.21-a0-91-ga5031da (webtiles) character file.

60 GordonOverkill the Cutter (level 3, -4/33 HPs)
             Began as a Deep Elf Berserker on June 28, 2017.
             Was a Follower of Trog.
             Slain by a kobold
             ... wielding a +1 dagger of electrocution
              (14 damage)
             ... on level 2 of the Dungeon.
             The game lasted 00:04:15 (1570 turns).

GordonOverkill the Cutter (Deep Elf Berserker)      Turns: 1570, Time: 00:04:16

Health: -4/33      AC:  8    Str: 20    XL:     3   Next: 80%
Magic:  5/5        EV: 12    Int: 11    God:    Trog [*.....]
Gold:   108        SH:  4    Dex: 14    Spells: 2/2 levels left

rFire    . . .     SeeInvis .   d - +2 whip (elec)
rCold    . . .     Gourm    .   e - +0 buckler
rNeg     . . .     Faith    .   k - +0 ring mail
rPois    .         Spirit   .   n - +2 helmet
rElec    .         Reflect  .   (no cloak)
rCorr    .         Harm     .   (no gloves)
MR       .....                  (no boots)
Stlth    ..........             (no amulet)
HPRegen  0.11/turn              (no ring)
MPRegen  0.09/turn              (no ring)

@: berserking, very quick
A: no striking features
a: Berserk, Burn Spellbooks, Renounce Religion


You were on level 2 of the Dungeon.
You worshipped Trog.
Trog was aware of your devotion.
You were very hungry.

You visited 1 branch of the dungeon, and saw 2 of its levels.

You collected 108 gold pieces.

Inventory:

Hand Weapons
 a - a +0 short sword
 d - a +2 whip of electrocution (weapon)
Armour
 e - a +0 buckler (worn)
 k - a +0 ring mail (worn)
 n - a +2 helmet (worn)
Scrolls
 g - 2 scrolls of teleportation {unknown}
 h - a scroll of enchant armour {unknown}
 i - a scroll of remove curse {unknown}
 j - a scroll of amnesia {unknown}
 m - a scroll of identify {unknown}
 o - 2 scrolls of noise {unknown}
 u - a scroll of blinking {unknown}
Potions
 b - a potion of mutation {unknown}
 l - a potion of agility {unknown}
 q - a potion of haste {unknown}
 r - 2 potions of flight {unknown}
 t - a potion of curing {unknown}
Comestibles
 c - a bread ration
 f - 3 chunks of flesh
 p - a meat ration
 s - 3 fruits


   Skills:
 + Level 2.7 Fighting
 * Level 3.5 Short Blades
 + Level 1.9 Armour
 + Level 3.2 Dodging
 * Level 1.0 Shields


You had 2 spell levels left.
You didn't know any spells.

Dungeon Overview and Level Annotations

Branches:
Dungeon (2/15)

Altars:
Wu Jian


Message History

The frilled lizard moves out of view.
The kobold hits you but does no damage.
You closely miss the kobold. The kobold barely misses you.
You hit the kobold but do no damage. The kobold hits you but does no damage.
You hit the kobold.
The kobold is severely wounded.
You block the kobold's attack.
You closely miss the kobold.
The kobold is severely wounded.
The frilled lizard closely misses you. The kobold hits you but does no damage.
You are electrocuted!
Ouch! That really hurt!
The frilled lizard bites you but does no damage.
You are too injured to fight recklessly!
You are too injured to fight recklessly!
You are too injured to fight recklessly!
A red film seems to cover your vision as you go berserk!
You feel yourself moving faster!
You feel mighty!
You are feeling very hungry.
The kobold hits you but does no damage.
You are electrocuted!
You die...

...............≈≈≈._♣≈≈≈..
.......>.......≈≈≈.♣.≈≈≈≈.
.............≈≈≈≈≈≈≈≈≈≈≈..
...............≈≈≈≈≈≈≈≈≈.≈
.........####.≈≈≈≈≈≈≈≈≈≈≈≈
#...........#..≈.≈.≈≈≈..≈.
#.#######.###..≈≈≈..≈.....
..............##.Kl..#
#.####......(...@##..# ..#
####.#####..# ..# #.##
#.........## ..# .<..#
#.#.#####.# ..# #.#.#
#.#.# #.# ..# #.#.# #.#.#
#.# ..# #.#.###.#.# #.#
..# ..........# #.#
#.#.###.#######.#


You could see a kobold and a frilled lizard.

Vanquished Creatures
  An adder (D:2)
  A worm (D:2)
  4 dart slugs
  A leopard gecko (D:1)
  3 giant cockroaches (D:1)
  3 goblins (D:1)
  5 hobgoblins
  6 jackals
  A ball python (D:1)
  2 bats (D:1)
  6 kobolds
  4 rats (D:1)
37 creatures vanquished.

Vanquished Creatures (others)
  2 plants (D:1)
2 creatures vanquished.

Grand Total: 39 creatures vanquished

Notes
Turn   | Place    | Note
-------+----------+-------------------------------------------
     0 | D:1      | GordonOverkill the Deep Elf Berserker began the quest for the Orb.
     0 | D:1      | Reached XP level 1. HP: 13/13 MP: 3/3
   191 | D:1      | Reached XP level 2. HP: 15/18 MP: 4/4
   872 | D:1      | Reached XP level 3. HP: 21/22 MP: 5/5
  1422 | D:2      | Found an ornate altar of the Wu Jian Council.
  1443 | D:2      | Found a faded altar of an unknown god.
  1493 | D:2      | Reached skill level 1 in Shields
  1570 | D:2      | Slain by a kobold

Vault maps used:
D:1:      minmay_arrival_arboretum_small, minmay_misc_feat_five,
          minmay_hexomino_c4
D:2:      old_standard_altar, chequers_ecumenical_altar_island,
          nemelex_spade_bored_becter

Skill      XL: |  1  2  3 |
---------------+----------+-----
Dodging        | 3 |  3.2
Shields        | 1 |  1.0
Fighting       | |  2.7
Short Blades   | |  3.5
Armour         | |  1.9

Action                   || total
-------------------------++-------
Melee: Whip              ||   119
       Short sword       ||     5
Invok: Berserk           ||     3
  Eat: Chunk             ||     4
Armor: Animal skin       ||     4
       Ring mail         ||    34
Dodge: Dodged            ||    97
Block: Buckler           ||    11
